Match 39359794
Unlisted

Match 39359794
End
Royal Engineer Section
Construct Section Command Post
Infantry Section
Infantry Section
Vickers Machine Gun Team
Selects Australian Defense Battlegroup
Selects Australian Light Infantry Section
Australian Light Infantry Section
Construct Platoon Command Post
Selects CMP 15cwt Supply Run
Selects 2-pounder Anti-tank Gun Team
Unlock M3 Stuart Light Tanks
M3 Stuart Light Tank
M3 Stuart Light Tank
Infantry Section
6-pounder Anti-tank Gun Team
6-pounder Anti-tank Gun Team
Selects CMP 15cwt Supply Run
Selects Reinforced Resource Caches
Selects Charged Creeping Barrage
Construct Company Command Post
Crusader II Medium Tank
Selects Hold the Line!
6-pounder Anti-tank Gun Team
Selects Vehicle Over Repair
BIOHAZARD
[LoB]Fagio
SNIPER
xihao pong
0
0

Comments sign in to comment!

No comments posted yet!